 Dungeon Crawl Stone Soup version 0.30-a0-1035-g38d5fb2972 (webtiles) character file.

Game seed: 3999449117466972603

18 cdice the Slasher (level 2, 0/29 HPs)
             Began as an Ogre Reaver on Apr 9, 2023.
             Slain by a rat (1 damage)
             ... on level 1 of the Dungeon.
             The game lasted 00:00:25 (423 turns).

cdice the Slasher (Ogre Reaver)                      Turns: 423, Time: 00:00:26

Health: 0/29       AC:  3    Str: 15    XL:     2   Next: 66%
Magic:  5/5        EV:  9    Int: 14    God:
Gold:   10         SH:  0    Dex:  7    Spells: 5/6 levels left

rFire   . . .      SeeInvis .    a - +0 falchion
rCold   . . .      Faith    .    (no shield)
rNeg    . . .      Spirit   .    b - +0 robe
rPois   .          Reflect  .    (helmet restricted)
rElec   .          Rampage  .    (no cloak)
rCorr   .                        (gloves unavailable)
Will    .....                    (boots unavailable)
Stlth   +                        (no amulet)
HPRegen 0.24/turn                (no ring)
MPRegen 0.09/turn                (no ring)

@: no status effects
A: large, unfitting armour, tough skin 1
a: no special abilities


You were on level 1 of the Dungeon.
You visited 1 branch of the dungeon, and saw 1 of its levels.

You collected 10 gold pieces.

Inventory:

Hand Weapons
 a - a +0 falchion (weapon)
Armour
 b - a +0 robe (worn)
Scrolls
 c - a scroll of identify {unknown}
 d - a scroll of fog {unknown}


   Skills:
 + Level 2.8 Fighting
 + Level 3.0 Long Blades
 + Level 2.2 Dodging
 + Level 2.5 Spellcasting
 + Level 2.8 Conjurations


You had 5 spell levels left.
You knew the following spells:

 Your Spells              Type           Power      Damage    Failure   Level
a - Kiss of Death         Conj/Necr      20%        2d7       13%         1

Your spell library contained the following spells:

 Spells                   Type           Power      Damage    Failure   Level
 Momentum Strike          Conj/Tloc      10%        3d8       19%         2
 Hailstorm                Conj/Ice       5%         3d4       36%         3


Dungeon Overview and Level Annotations

Branches:
Dungeon (1/15)

Altars:
Wu Jian


Innate Abilities, Weirdness & Mutations

You are too large for most types of armour.
You have tough skin. (AC +1)


Message History

You hit the hobgoblin.
You kill the hobgoblin!
The rat barely misses you.
There are monsters nearby!
You closely miss the quokka.
The quokka bites you but does no damage.
The rat bites you but does no damage. The quokka bites you.
There are monsters nearby!
You barely miss the rat. The rat bites you. The quokka bites you.
You barely miss the rat. The quokka barely misses you. The rat bites you.
The quokka bites you. The rat attacks as you move away!
The rat bites you but does no damage. The rat attacks as you move away!
The rat bites you but does no damage.
You see here a +0 dagger.
You closely miss the rat. The rat closely misses you. The quokka bites you.
* * * LOW HITPOINT WARNING * * *
The rat bites you.
* * * LOW HITPOINT WARNING * * *
You closely miss the rat.
The quokka bites you but does no damage.
The rat bites you.
* * * LOW HITPOINT WARNING * * *
You barely miss the rat. The quokka bites you.
* * * LOW HITPOINT WARNING * * *
The rat bites you.
* * * LOW HITPOINT WARNING * * *
The rat attacks as you move away! The rat bites you but does no damage.
The quokka closely misses you. The quokka attacks as you move away!
The quokka bites you.
* * * LOW HITPOINT WARNING * * *
The quokka attacks as you move away! The quokka barely misses you.
The quokka twitches its whiskers.
You open the door. The quokka bites you.
* * * LOW HITPOINT WARNING * * *
The rat bites you.
* * * LOW HITPOINT WARNING * * *
The quokka attacks as you move away!
The quokka bites you but does no damage.
The rat attacks as you move away! The rat bites you.
You die...

....#'''#.... ..#
............. ..#
...♣.....♣...
..#...............
#.#.....♣.....♣...
#.#...............
#.#.....♣.....♣...
##'#...............
#.@......♣.....♣...
#.rr............... ####
#..................
....##...########.##....
#....).# #....###
#......## ####.#
....#.....# #.#
.#..###.#...# #.### #.
#?†.###.# #....


You could see a quokka and a rat.

Vanquished Creatures
  2 ball pythons (D:1)
  A bat (D:1)
  An endoplasm (D:1)
  2 giant cockroaches (D:1)
  2 goblins (D:1)
  3 hobgoblins (D:1)
  2 jackals (D:1)
13 creatures vanquished.

Notes
Turn   | Place    | Note
-------+----------+-------------------------------------------
     0 | D:1      | cdice the Ogre Reaver began the quest for the Orb.
     0 | D:1      | Reached XP level 1. HP: 22/22 MP: 3/3
   195 | D:1      | Reached XP level 2. HP: 29/29 MP: 5/5
   375 | D:1      | Found an ornate altar of the Wu Jian Council.
   386 | D:1      | Reached skill level 3 in Long Blades
   422 | D:1      | HP: 1/29 [rat (1)]
   423 | D:1      | Slain by a rat

Illustrated notes

Levels and vault maps discovered:
D:1:      wander_arrival_estate, layout_basic, minmay_hexomino_r4

Skill      XL: |  1  2 |
---------------+-------+-----
Dodging        | 2 |  2.2
Long Blades    | 3 |  3.0
Fighting       | |  2.8
Spellcasting   | |  2.5
Conjurations   | |  2.8

Action                     || total
---------------------------++-------
  Melee: Falchion          ||    75
         Punch             ||     1
 Armour: Robe              ||    48
  Dodge: Dodged            ||    58

Table legend: (Time is in decaauts)
 A = Elapsed time spent in this place.
 B = Non-inter-level travel time spent in this place.
 C = Inter-level travel time spent in this place.
 D = Time resting spent in this place.
 E = Time spent auto-exploring this place.
 F = Levels seen in this place.
 G = Mean time per level.
                   A        B        C        D        E       F      G
               +--------+--------+--------+--------+--------+-----+--------+
         Total |    434 |    434 |      0 |      0 |    305 |   1 |  434.0 |
       Dungeon |    434 |    434 |      0 |      0 |    305 |   1 |  434.0 |
               +--------+--------+--------+--------+--------+-----+--------+

Top non-repeatable levels by time:
     D:1: 434 daAuts
